Map: Ruins of Endion

Players

Botvinnik - Winner!

  • Race: Terran Terran

Kelazhur

  • Race: Terran Terran
  • League: Master

Event: Polygon Gaming Invitational 3

VOD

Have the link to the VOD?

Description

Time

  • Played on: June 4, 2016, 2:32 p.m.
  • Length: 10:35

All games in this series

Show
View Real Time Build Order
Export as new Build Order

Botvinnik Terran - Winner!

Build Orders: Reaper Expand, Bio Tank 

Get SALT Encoding   

  12  0:01  SCV  
  13  0:13  SCV  
  14  0:17  Supply Depot  
  14  0:25  SCV  
  15  0:39  SCV  
  15  0:40  Barracks  
  16  0:45  Refinery  
  16  0:51  SCV  
  17  1:03  SCV  
  18  1:16  SCV  
  19  1:29  Reaper, Orbital Command  
  20  1:42  Command Center  
  20  1:52  Supply Depot  
  20  1:55  SCV  
  21  2:01  Refinery  
  21  2:03  Marine  
  22  2:09  SCV  
  23  2:18  Factory  
  23  2:21  SCV  
  24  2:23  Barracks Reactor  
  24  2:34  SCV  
  25  2:46  SCV  
  26  2:54  Orbital Command  
  25  3:01  SCV  
  25  3:02  Marine x2  
  25  3:03  Starport  
  25  3:05  Factory Tech Lab  
  28  3:14  Engineering Bay, SCV  
  29  3:20  Marine x2  
  29  3:24  Cyclone, SCV  
  29  3:26  SCV  
  37  3:30  Supply Depot  
  37  3:38  Marine x2, SCV x2  
  41  3:42  Viking  
  41  3:56  Marine  
  40  4:07  Marine  
  40  4:09  SCV x2  
  37  4:14  Marine  
  37  4:15  Missile Turret  
  38  4:19  Missile Turret  
  38  4:21  SCV  
  38  4:22  Barracks  
  38  4:23  Barracks  
  40  4:24  SCV  
  40  4:28  Siege Tank  
  43  4:33  SCV  
  43  4:36  SCV  
  40  4:41  Viking  
  40  4:44  Marine  
  40  4:45  SCV  
  44  4:48  Missile Turret  
  44  4:50  SCV  
  44  4:55  Marine  
  44  4:58  SCV  
  43  5:02  Siege Tank, SCV  
  45  5:10  Barracks Tech Lab  
  45  5:13  SCV  
  43  5:14  SCV  
  43  5:18  Marine x2  
  46  5:25  SCV  
  46  5:26  SCV  
  48  5:28  Barracks Tech Lab  
  48  5:29  Marine  
  48  5:30  Stimpack  
  48  5:33  Starport Reactor  
  49  5:38  SCV x2  
  53  5:43  Refinery, Terran Infantry Weapons Level 1  
  53  5:50  Refinery, SCV  
  53  5:51  Combat Shields  
  53  5:55  Supply Depot x2  
  53  5:57  SCV  
  53  6:07  Barracks x2  
  53  6:08  SCV  
  54  6:16  Marine x4  
  54  6:17  Siege Tank, SCV  
  62  6:19  Supply Depot  
  62  6:21  Medivac  
  62  6:23  Supply Depot  
  62  6:24  SCV  
  65  6:29  Medivac, SCV  
  67  6:40  SCV  
  67  6:41  SCV  
  65  6:49  Marine x2  
  65  6:50  Marine x2  
  65  6:51  Medivac, Siege Tank  
  74  7:01  Supply Depot x2, SCV x2  
  76  7:02  Barracks Reactor x2  
  76  7:07  Marine  
  77  7:08  Marine  
  77  7:14  Supply Depot  
  78  7:21  Marine x2  
  78  7:24  Supply Depot  
  78  7:25  Marine  
  78  7:26  Marine  
  78  7:28  Medivac  
  82  7:31  Siege Tank  
  83  7:37  Supply Depot  
  83  7:39  Marine x5, Medivac  
  83  7:40  Marine  
  83  7:43  Marine  
  92  7:44  Marine  
  92  7:49  Terran Infantry Armor Level 1  
  93  7:57  Marine x4  
  93  7:58  Marine x2  
  99  8:00  Supply Depot  
  99  8:01  Marine  
  99  8:02  Marine  
  99  8:04  Supply Depot  
  103  8:13  Supply Depot  
  103  8:14  Siege Tank  
  103  8:15  Marine x3  
  106  8:20  Marine x3  
  106  8:25  Marine x2  
  111  8:32  Marine x3  
  114  8:38  Marine x2  
  103  8:46  Marine x3, Siege Tank  
  109  8:50  Marine x2  
  101  9:02  Marine x3  
  98  9:04  Marine x2  
  100  9:11  Marine x3  
  100  9:16  Medivac x2  
  99  9:19  Marine  
  99  9:20  Marine x2  
  99  9:24  Marine x2  
  99  9:28  Siege Tank  
  99  9:29  Marine x2  
  105  9:31  Marine  
  106  9:41  Marine x3  
  106  9:42  Marine  
  107  9:46  Medivac x2  
  107  9:48  Marine x3  
  107  9:49  Marine  
  115  10:00  Siege Tank  
  115  10:05  Marine x2  
  112  10:10  Marine x2  
  114  10:15  Marine x3  
Show
View Real Time Build Order
Export as new Build Order

Kelazhur Terran 

Build Orders: 1/1/1, MMM Bio, Banshee Rush 

Get SALT Encoding   

  12  0:01  SCV  
  13  0:13  SCV  
  14  0:17  Supply Depot  
  14  0:25  SCV  
  14  0:28  Refinery  
  15  0:39  SCV  
  16  0:45  Barracks  
  16  0:51  SCV  
  17  1:03  SCV  
  18  1:15  SCV  
  19  1:32  Marine  
  20  1:33  Factory, Orbital Command  
  20  1:39  Supply Depot  
  20  1:41  Refinery  
  20  1:49  Marine  
  21  1:59  SCV  
  22  2:07  Marine  
  23  2:11  SCV  
  24  2:16  Widow Mine  
  24  2:19  Starport  
  26  2:23  SCV  
  26  2:25  Marine  
  28  2:33  Supply Depot  
  28  2:35  SCV  
  29  2:44  Marine  
  29  2:47  Factory Tech Lab  
  29  2:49  SCV  
  31  2:55  Medivac  
  33  3:02  Marine  
  34  3:09  Command Center  
  34  3:19  Supply Depot  
  34  3:30  SCV  
  35  3:34  Cloaking Field, Banshee  
  35  3:35  Barracks Reactor  
  35  3:36  Factory Tech Lab  
  38  3:53  SCV  
  38  4:05  SCV  
  37  4:14  Command Center  
  35  4:17  SCV  
  35  4:20  Banshee  
  35  4:23  Orbital Command  
  36  4:33  Cyclone  
  36  4:34  SCV  
  39  4:41  Marine x2  
  41  4:46  SCV  
  42  5:00  Marine x2  
  42  5:02  SCV  
  42  5:05  Banshee  
  45  5:15  SCV  
  45  5:16  SCV  
  47  5:26  Barracks Tech Lab, Barracks, Orbital Command  
  47  5:27  Siege Tank  
  48  5:28  SCV x2  
  48  5:31  Barracks  
  49  5:40  SCV x2  
  51  5:44  Marine  
  51  5:45  Stimpack  
  52  5:50  Refinery x2  
  52  5:52  SCV  
  52  5:54  Viking x2  
  52  5:55  SCV x2  
  59  6:02  Marine  
  60  6:04  SCV  
  60  6:05  Siege Tank  
  60  6:07  SCV x2  
  66  6:13  Supply Depot  
  66  6:16  SCV  
  67  6:18  Marine x2  
  67  6:20  Marine  
  67  6:21  SCV x2  
  72  6:27  Viking x2  
  72  6:29  SCV  
  77  6:34  SCV x2  
  79  6:43  SCV  
  79  6:46  Marine  
  83  6:47  SCV  
  83  6:50  Barracks Reactor x2, Siege Tank  
  83  6:52  Supply Depot x2  
  85  6:58  Engineering Bay x2  
  85  7:10  Orbital Command  
  85  7:13  Marine, Medivac x2, SCV  
  85  7:15  SCV  
  89  7:18  Barracks  
  89  7:21  Barracks  
  89  7:25  SCV  
  89  7:26  Siege Tank  
  91  7:30  Terran Infantry Weapons Level 1  
  91  7:31  Marine  
  91  7:34  Supply Depot, Terran Infantry Armor Level 1  
  91  7:36  Supply Depot  
  92  7:38  Missile Turret  
  92  7:40  Missile Turret  
  92  7:44  Missile Turret  
  92  7:46  Marine x4  
  92  7:47  SCV x3  
  92  7:51  Marine  
  100  7:59  SCV  
  100  8:01  SCV  
  100  8:03  Siege Tank  
  100  8:04  Marine x3, SCV  
  109  8:09  Combat Shields  
  109  8:10  Barracks Reactor x2  
  109  8:11  SCV  
  110  8:13  SCV  
  110  8:14  Refinery  
  110  8:15  Supply Depot  
  110  8:16  Supply Depot, Refinery, SCV  
  110  8:19  Marine  
  108  8:22  Marine  
  108  8:23  SCV  
  108  8:26  SCV  
  111  8:27  Medivac x2  
  95  8:41  Marine x4  
  95  8:42  Marine  
  95  8:47  Marine  
  95  8:48  Marine x3  
  91  8:59  Marine x3  
  91  9:01  Marine  
  91  9:02  Marine  
  80  9:10  Siege Tank  
  80  9:15  Marine  
  80  9:16  Marine  
  76  9:19  Marine  
  76  9:22  Marine x2  
  76  9:23  Viking x2  
  78  9:33  Marine x2  
  78  9:35  Barracks  
  78  9:36  Barracks x2  
  78  9:41  Marine  
  74  9:46  Siege Tank  
  69  10:16  SCV x2  
Tags
 
Add a new tag
Caveats
  • Supply blocks, unpowered buildings, or Contaminate may cause inaccurate times.
  • Supply counts are checked every 10 seconds.